 Dungeon Crawl Stone Soup version 0.17-a0-377-gdd46233 (webtiles) character file.

25 McCoppin the Sneak (level 3, -3/28 HPs)
             Began as a Naga Necromancer on Apr 2, 2015.
             Slain by a worm (7 damage)
             ... on level 2 of the Dungeon.
             The game lasted 00:07:59 (2175 turns).

McCoppin the Sneak (Naga Necromancer)               Turns: 2175, Time: 00:07:59

Health: -3/28      AC:  3    Str: 11    XL:     3   Next: 4%
Magic:  2/5        EV:  8    Int: 18    God:
Gold:   63         SH:  0    Dex: 13    Spells: 2 memorised, 4 levels left

rFire  . . .     SeeInvis +     e - +0 short sword
rCold  . . .     Clarity  .     k - +0 ring mail
rNeg   . . .     SustAb   .     (no shield)
rPois  +         Gourm    .     (no helmet)
rElec  .         Spirit   .     (no cloak)
rCorr  .         Warding  .     (no gloves)
rMut   .         Stasis   .     (no barding)
MR     .....                    (no amulet)
Stlth  +++.......               j - +3 ring of intelligence
                                t - +2 ring of dexterity

@: very slow, not resistant to hostile enchantments, fairly stealthy
A: see invisible, deformed body, poison resistance, slowness 2, spit poison 2,
AC +1
a: Spit Poison


You were on level 2 of the Dungeon.
You were very hungry.

You visited 1 branch of the dungeon, and saw 2 of its levels.

You collected 63 gold pieces.

Inventory:

Hand weapons
 d - a +0 hand axe
 e - a +0 short sword (weapon)
 f - a +0 club
Armour
 a - a +0 robe
 k - a +0 ring mail (worn)
 u - a +0 chain mail
Jewellery
 h - an uncursed ring of flight
 i - an uncursed ring of see invisible
 j - a +3 ring of intelligence (right hand)
 r - an uncursed ring of positive energy
 t - a +2 ring of dexterity (left hand)
 v - an uncursed ring of teleportation
Scrolls
 l - a scroll of identify
 n - a scroll of recharging
 w - a scroll of teleportation {unknown}
Potions
 g - a potion of agility {unknown}
 m - a potion of heal wounds {unknown}
 q - a potion of curing {unknown}
 s - a potion of restore abilities {unknown}
 z - a potion of might
Books
 b - a book of Necromancy

   Spells                             Type                      Level
   a - Pain                           Necromancy                   1
   b - Animate Skeleton               Necromancy                   1
   c - Vampiric Draining              Necromancy                   3
   d - Regeneration                   Charms/Necromancy            3
   e - Animate Dead                   Necromancy                   4
   f - Control Undead                 Necromancy                   4
Comestibles
 c - 2 bread rations
 p - 2 meat rations
 x - a slice of pizza


   Skills:
 - Level 1.5 Dodging
 + Level 5.3 Stealth
 - Level 2.0 Spellcasting
 - Level 4.0 Necromancy


You had 4 spell levels left.
You knew the following spells:

 Your Spells              Type           Power        Failure   Level  Hunger
a - Pain                  Necr           ###.         10%         1    #......
b - Animate Skeleton      Necr           N/A          10%         1    #......


Dungeon Overview and Level Annotations

Branches:
Dungeon (2/15)

Altars:


Innate Abilities, Weirdness & Mutations

You cannot wear boots.
Your serpentine skin is tough (AC +1).
You have supernaturally acute eyesight.
Armour fits poorly on your strangely shaped body.
Your system is resistant to poisons.
You cover ground very slowly.
You can spit poison.


Message History

Aiming: Pain
Press: ? - help, Shift-Dir - straight line, f - worm
Aim: a worm (lightly wounded, chance 81%)
The worm convulses in agony!
The worm bites you.
* * * LOW HITPOINT WARNING * * *
Casting: Pain
Confirm with . or Enter, or press ? or * to list all spells.
Aiming: Pain
Press: ? - help, Shift-Dir - straight line, f/p - worm
Aim: a worm (moderately wounded, chance 81%)
The worm convulses in agony!
Casting: Pain
Confirm with . or Enter, or press ? or * to list all spells.
Aiming: Pain
Press: ? - help, Shift-Dir - straight line, f/p - worm
Aim: a worm (moderately wounded, chance 81%)
The worm convulses in agony!
You are feeling very hungry.
The worm bites you!
You die...

.##.#.......# #..........#
.#..........# #.##########
.#..........#####.#
.#.............(..#
.#........#########**********
.#........# #..,,,,,,,,,<*
##........# #.#***********
########## #w# #### #@# ...#
#.# ##.# #.# .#.# #.# .#.#
#.# .#.# #.# ##.# #.# ...#
#.# #### #.#


You could see a worm.

Vanquished Creatures
  A worm (D:1)
  A ball python (D:2)
  3 goblins
  A bat (D:1)
  4 giant newts
  2 kobolds (D:1)
  A rat (D:1)
13 creatures vanquished.

Vanquished Creatures (collateral kills)
  A giant mite (D:1)
  A goblin (D:2)
  A kobold (D:1)
  2 giant newts
5 creatures vanquished.

Vanquished Creatures (others)
  A giant newt skeleton (D:2)
  A goblin skeleton (D:1)
2 creatures vanquished.

Grand Total: 20 creatures vanquished

Notes
Turn   | Place    | Note
--------------------------------------------------------------
     0 | D:1      | McCoppin, the Naga Necromancer, began the quest for the Orb.
     0 | D:1      | Reached XP level 1. HP: 15/15 MP: 3/3
   311 | D:1      | Learned a level 1 spell: Animate Skeleton
   452 | D:1      | Reached XP level 2. HP: 5/22 MP: 4/4
  1324 | D:1      | Reached skill level 5 in Stealth
  2006 | D:2      | Reached XP level 3. HP: 22/28 MP: 5/5
  2175 | D:2      | Slain by a worm

Action                   || total
-------------------------++-------
Melee: Short sword       ||    77
 Cast: Pain              ||     9
       Animate Skeleton  ||     3
  Use: Scroll            ||     4
 Stab: Sleeping          ||     2
       Distracted        ||     1
  Eat: Chunk             ||     3
